 Dungeon Crawl Stone Soup version 0.30-a0-743-gbfdf073431 (webtiles) character file.

Game seed: 17380852327962341052

4 Leeroy the Grasshopper (level 1, -1/11 HPs)
             Began as a Vine Stalker Warper on Feb 6, 2023.
             Slain by an adder (2 damage)
             ... on level 2 of the Dungeon.
             The game lasted 00:00:18 (245 turns).

Leeroy the Grasshopper (Vine Stalker Warper)         Turns: 245, Time: 00:00:19

Health: -1/11      AC:  3    Str: 13    XL:     1   Next: 60%
Magic:  0/4        EV: 11    Int: 13    God:
Gold:   4          SH:  0    Dex: 13    Spells: 4/4 levels left

rFire   . . .      SeeInvis .    a - +0 falchion
rCold   . . .      Faith    .    (no shield)
rNeg    . . .      Spirit   +    b - +0 leather armour
rPois   .          Reflect  .    (no helmet)
rElec   .          Harm     .    (no cloak)
rCorr   .          Rampage  .    (no gloves)
Will    .....                    (no boots)
Stlth   +                        (no amulet)
HPRegen 0.21/turn                (no ring)
MPRegen 0.09/turn                (no ring)

@: no status effects
A: fangs 2, magic shield, antimagic bite, no potion heal 2
a: no special abilities


You were on level 2 of the Dungeon.
You visited 1 branch of the dungeon, and saw 2 of its levels.

You collected 4 gold pieces.

Inventory:

Hand Weapons
 a - a +0 falchion (weapon)
Missiles
 d - 7 boomerangs of dispersal (quivered)
Armour
 b - a +0 leather armour (worn)
Jewellery
 g - a ring of protection from cold
Scrolls
 c - a scroll of blinking
 f - a scroll of teleportation {unknown}
 i - a scroll of noise {unknown}
Potions
 e - a potion of curing {unknown}
 h - a potion of degeneration {unknown}


   Skills:
 - Level 1.7 Fighting
 + Level 2.1 Long Blades
 - Level 0.8 Throwing
 - Level 0.7 Armour
 - Level 1.5 Dodging
 - Level 2.1 Spellcasting
 - Level 3.0 Translocations


You had 4 spell levels left.
You didn't know any spells.
Your spell library contained the following spells:

 Spells                   Type           Power      Damage    Failure   Level
 Blink                    Tloc           18%        N/A       14%         2
 Lesser Beckoning         Tloc           18%        N/A       14%         2
 Teleport Other           Tloc           9%         N/A       28%         3
 Vhi's Electric Charge    Tloc/Air       10%        N/A       45%         3
 Manifold Assault         Tloc           9%         N/A       67%         4


Dungeon Overview and Level Annotations

Branches:
Dungeon (2/15)

Altars:


Innate Abilities, Weirdness & Mutations

You have extremely sharp teeth.
When hurt, damage is shared between your health and your magic reserves.
Your bite disrupts and absorbs the magic of your enemies.
Potions cannot restore your health.


Message History

The rat bites you. The adder bites you but does no damage.
You miss the adder. You bite the adder, but do no damage.
The adder closely misses you. The rat bites you. The adder barely misses you.
The rat attacks as you move away! The rat bites you but does no damage.
The adder attacks as you move away! The adder misses you.
The rat attacks as you move away! The rat bites you.
There is an open door here.
The adder attacks as you move away! The adder bites you.
The rat attacks as you move away! The rat misses you. The adder bites you.
You are poisoned.
The adder poisons you!
You completely miss the adder. You bite the adder. You drain its power.
The adder is lightly wounded.
* * * LOW HITPOINT WARNING * * *
You feel sick. The adder closely misses you.
You closely miss the adder. You bite the adder, but do no damage.
The adder is lightly wounded.
You feel sick. The adder misses you. The adder bites you but does no damage.
You hit the adder.
The adder is moderately wounded.
You feel sick.
You are no longer poisoned.
The adder closely misses you.
You closely miss the adder. Your bite misses the adder.
The adder is moderately wounded.
The adder misses you. The adder bites you but does no damage.
You closely miss the adder.
The adder is moderately wounded.
The adder closely misses you.
You miss the adder. Your bite misses the adder.
The adder is moderately wounded.
The adder bites you.
* * * LOW HITPOINT WARNING * * *
The adder bites you.
* * * LOW HITPOINT WARNING * * *
Okay, then.
You hit the adder. Your bite misses the adder.
The adder is severely wounded.
The adder bites you.
You die...

.. #. .##. ##'# ...
##...# ###.###
##.....## #.....#
#.......## ##.#.#.#
.........####....#.#
........rS@......#.#
.........####...##.#
#.......## ##.)...#
##.....## ##.####
##...# #.# ##+# #.#
# #.# #. #.#
.##########.#


You could see an adder and a rat.

Vanquished Creatures
  A worm (D:2)
  A hobgoblin (D:2)
2 creatures vanquished.

Notes
Turn   | Place    | Note
-------+----------+-------------------------------------------
     0 | D:1      | Leeroy the Vine Stalker Warper began the quest for the Orb.
     0 | D:1      | Reached XP level 1. HP: 11/11 MP: 4/4
    77 | D:1      | You fall into a shaft and drop 1 floor!
   245 | D:2      | Slain by an adder

Illustrated notes

Levels and vault maps discovered:
D:1:      lemuel_arrival_cross, layout_basic, serial_shops, shop,
          minmay_domino_2
D:2:      layout_loops_corners, uniq_robin

Skill      XL: |  1 |
---------------+----+-----
Long Blades    | 2 |  2.1
Fighting       | |  1.7
Throwing       | |  0.8
Armour         | |  0.7
Dodging        | |  1.5
Spellcasting   | |  2.1
Translocations | |  3.0

Action                     || total
---------------------------++-------
  Melee: Falchion          ||    16
         Bite              ||     6
 Armour: Leather armour    ||     4
  Dodge: Dodged            ||    11

Table legend: (Time is in decaauts)
 A = Elapsed time spent in this place.
 B = Non-inter-level travel time spent in this place.
 C = Inter-level travel time spent in this place.
 D = Time resting spent in this place.
 E = Time spent auto-exploring this place.
 F = Levels seen in this place.
 G = Mean time per level.
                   A        B        C        D        E       F      G
               +--------+--------+--------+--------+--------+-----+--------+
         Total |    247 |    247 |      0 |      0 |    208 |   2 |  123.5 |
       Dungeon |    247 |    247 |      0 |      0 |    208 |   2 |  123.5 |
               +--------+--------+--------+--------+--------+-----+--------+

Top non-repeatable levels by time:
     D:2: 170 daAuts
     D:1: 77 daAuts
